Map: Jagannatha LE

Players

JonSnow

  • Race: Zerg Zerg
  • League: Grandmaster
  • Spawn Location: 1:00

PiLiPiLi - Winner!

  • Race: Protoss Protoss
  • League: Grandmaster
  • Spawn Location: 7:00

Event: DreamHack SC2 Masters 2020 Winter

VOD

Have the link to the VOD?

Description

Time

  • Played on: Oct. 28, 2020, 3:42 p.m.
  • Length: 15:24

All games in this series

Show
View Real Time Build Order
Export as new Build Order

JonSnow Zerg 

Build Orders: Hatch First, Lurkers 

Get SALT Encoding   

  12  0:01  Drone  
  13  0:12  Overlord  
  13  0:17  Drone  
  14  0:30  Drone x2  
  16  0:48  Hatchery  
  15  0:54  Drone  
  15  0:56  Drone  
  17  0:59  Drone  
  18  1:09  Extractor  
  17  1:16  Spawning Pool  
  17  1:18  Drone  
  17  1:22  Drone  
  18  1:28  Drone  
  19  1:39  Drone  
  20  1:50  Overlord  
  20  2:03  Queen x2  
  20  2:04  Zergling x4  
  26  2:12  Metabolic Boost  
  26  2:14  Drone x2  
  28  2:22  Drone x2  
  30  2:38  Hatchery  
  30  2:42  Drone x2  
  31  2:47  Drone  
  32  2:52  Queen  
  32  2:56  Overlord  
  34  3:01  Overlord  
  34  3:04  Drone  
  35  3:13  Drone  
  35  3:16  Drone x5  
  41  3:26  Overlord  
  41  3:27  Queen  
  41  3:30  Drone  
  41  3:32  Drone  
  45  3:37  Overlord  
  45  3:44  Drone x3  
  45  3:47  Roach Warren  
  45  3:48  Drone x2  
  49  3:52  Drone  
  50  3:56  Overlord  
  50  4:04  Queen  
  50  4:08  Overlord  
  50  4:09  Drone x3  
  55  4:14  Queen  
  57  4:22  Spine Crawler  
  56  4:27  Roach x5, Zergling x2  
  66  4:33  Roach x2, Zergling x2  
  71  4:39  Zergling x8  
  75  4:45  Spore Crawler x2  
  69  4:58  Drone x4  
  65  5:08  Drone, Spore Crawler  
  65  5:13  Drone x2  
  67  5:16  Drone  
  67  5:19  Drone x2  
  69  5:22  Drone  
  69  5:27  Overlord  
  70  5:29  Drone x2  
  70  5:30  Drone  
  70  5:35  Overlord  
  73  5:38  Spore Crawler  
  73  5:39  Drone  
  73  5:43  Overlord  
  73  5:47  Drone x4  
  73  5:49  Drone  
  78  5:52  Lair  
  78  5:57  Drone x3  
  78  6:08  Drone x8  
  78  6:09  Extractor  
  78  6:10  Extractor  
  84  6:21  Queen x2  
  88  6:29  Spore Crawler x2  
  88  6:31  Drone, Spore Crawler, Hatchery  
  85  6:33  Spore Crawler  
  85  6:38  Drone x3  
  87  6:40  Drone, Spore Crawler  
  87  6:42  Drone  
  87  6:43  Drone  
  87  6:45  Extractor  
  87  6:46  Spore Crawler  
  87  6:47  Drone x2  
  87  6:48  Spore Crawler  
  87  6:49  Drone  
  87  6:51  Extractor  
  87  6:52  Extractor  
  87  6:54  Hydralisk Den  
  87  6:57  Evolution Chamber  
  87  6:59  Overlord x2  
  87  7:00  Overlord  
  85  7:06  Overlord x2  
  85  7:12  Overlord x2  
  85  7:25  Hydralisk  
  85  7:26  Hydralisk x5  
  96  7:34  Zergling x2  
  96  7:35  Zergling x12  
  99  7:39  Queen  
  99  7:41  Hydralisk  
  99  7:43  Hydralisk  
  97  7:53  Drone x7  
  104  8:01  Zerg Missile Weapons Level 1, Grooved Spines  
  104  8:02  Drone x3  
  107  8:07  Drone  
  107  8:08  Drone  
  103  8:12  Hydralisk  
  103  8:13  Hydralisk x2  
  103  8:17  Drone x2  
  108  8:29  Hydralisk x5  
  108  8:33  Drone x3  
  119  8:38  Drone, Spore Crawler  
  119  8:39  Spore Crawler  
  118  8:43  Drone x4  
  118  8:46  Drone x2  
  118  8:47  Drone  
  125  8:49  Drone  
  125  8:51  Spore Crawler  
  125  8:56  Hydralisk  
  125  8:58  Spore Crawler  
  125  8:59  Spore Crawler  
  125  9:01  Lurker Den  
  124  9:05  Drone x6  
  127  9:10  Drone  
  127  9:11  Overlord x2  
  128  9:21  Muscular Augments  
  128  9:27  Overlord x2  
  128  9:28  Queen, Overlord x2  
  130  9:35  Drone x7  
  130  9:37  Extractor  
  135  9:38  Extractor  
  135  9:42  Queen  
  135  9:43  Infestation Pit  
  135  9:44  Hydralisk  
  137  9:51  Overlord  
  137  9:58  Lurker x4, Spore Crawler  
  137  9:59  Lurker x3  
  143  10:01  Hydralisk x2  
  143  10:04  Lurker  
  143  10:05  Hydralisk  
  143  10:06  Hydralisk  
  151  10:09  Drone x2  
  153  10:23  Zerg Missile Weapons Level 2, Hive, Hydralisk x4  
  161  10:39  Zergling x2  
  161  10:43  Spore Crawler  
  161  10:46  Hatchery  
  155  10:50  Drone x7  
  155  10:55  Overlord  
  162  10:58  Spire  
  162  11:01  Drone x2  
  163  11:04  Overseer  
  162  11:13  Spire  
  162  11:15  Hydralisk x3  
  160  11:19  Drone x13  
  160  11:21  Spore Crawler x2  
  160  11:24  Spore Crawler  
  170  11:30  Spore Crawler  
  169  11:36  Viper x2, Burrow  
  169  11:39  Spore Crawler x3  
  172  11:40  Spore Crawler  
  172  11:42  Hydralisk x3  
  172  11:44  Overlord  
  172  11:45  Drone  
  172  11:46  Drone  
  178  11:53  Spore Crawler x2, Hydralisk x2  
  180  12:03  Spore Crawler  
  180  12:04  Spore Crawler x2  
  180  12:06  Spore Crawler  
  176  12:13  Hydralisk x6  
  181  12:16  Hydralisk  
  181  12:22  Hydralisk x3  
  162  12:28  Hydralisk x3  
  150  12:32  Hydralisk x2  
  150  12:33  Hydralisk  
  150  12:36  Hydralisk  
  149  12:39  Hydralisk x2  
  134  12:45  Hydralisk x3  
  134  12:47  Hydralisk  
  130  12:55  Hydralisk x4  
  130  12:57  Hydralisk  
  134  13:00  Hydralisk x2  
  134  13:04  Hydralisk x2  
  134  13:07  Hydralisk  
  134  13:08  Hydralisk  
  134  13:12  Hydralisk x2  
  128  13:15  Hydralisk  
  128  13:19  Hydralisk x2  
  130  13:22  Hydralisk x2  
  126  13:28  Hydralisk x2  
  126  13:33  Hydralisk x2  
  126  13:36  Hydralisk  
  126  13:44  Hydralisk x4  
  122  13:50  Hydralisk x5  
  122  13:52  Hydralisk  
  134  13:57  Hydralisk  
  134  14:01  Hydralisk x2  
  140  14:03  Hydralisk  
  142  14:10  Viper x2  
  144  14:17  Spore Crawler x2  
  144  14:18  Spore Crawler  
  139  14:33  Corruptor x6  
  149  14:43  Corruptor  
  151  14:48  Spore Crawler, Corruptor  
  151  14:49  Spore Crawler  
  151  14:53  Corruptor  
Show
View Real Time Build Order
Export as new Build Order

PiLiPiLi Protoss - Winner!

Build Orders: 1 Gate Expand, Oracle Opening, Carriers 

Get SALT Encoding   

  12  0:02  Probe  
  14  0:14  Probe  
  14  0:22  Pylon  
  14  0:26  Probe  
  15  0:40  Gateway, Probe (Chrono Boost)  
  17  0:50  Assimilator, Probe (Chrono Boost)  
  17  0:55  Probe (Chrono Boost)  
  18  1:06  Probe  
  19  1:18  Probe  
  20  1:25  Nexus  
  20  1:37  Cybernetics Core  
  20  1:40  Probe  
  21  1:49  Assimilator  
  21  1:52  Probe  
  22  1:56  Pylon  
  22  2:05  Probe  
  23  2:12  Stalker (Chrono Boost)  
  25  2:17  Probe  
  26  2:24  Stargate  
  26  2:29  Probe  
  27  2:31  Warp Gate (Chrono Boost)  
  27  2:32  Adept (Chrono Boost)  
  29  2:41  Probe  
  29  2:42  Probe  
  31  2:53  Probe  
  31  2:54  Probe  
  31  2:57  Gateway  
  33  3:05  Probe  
  34  3:06  Oracle (Chrono Boost)  
  34  3:09  Probe  
  38  3:17  Adept, Probe  
  41  3:23  Probe  
  41  3:24  Pylon  
  42  3:29  Probe  
  42  3:33  Oracle (Chrono Boost)  
  46  3:41  Pylon  
  46  3:42  Probe  
  46  3:45  Probe  
  48  3:54  Probe  
  49  3:57  Probe  
  49  4:00  Pylon  
  49  4:01  Assimilator  
  50  4:05  Assimilator  
  50  4:11  Probe x2  
  50  4:13  Pylon  
  50  4:14  Phoenix  
  50  4:15  Adept  
  50  4:16  Adept  
  58  4:20  Shield Battery  
  58  4:25  Probe  
  58  4:26  Probe  
  60  4:31  Pylon  
  60  4:36  Adept  
  60  4:37  Probe  
  64  4:38  Probe  
  64  4:50  Probe x2  
  58  5:02  Probe x2  
  60  5:12  Nexus  
  60  5:13  Pylon  
  60  5:19  Stargate  
  60  5:20  Stargate  
  62  5:21  Adept  
  62  5:22  Adept  
  62  5:23  Probe x2  
  63  5:28  Pylon, Protoss Air Weapons Level 1  
  63  5:35  Probe  
  64  5:38  Phoenix  
  64  5:42  Nexus  
  66  5:43  Pylon  
  66  5:46  Pylon  
  66  5:47  Probe  
  66  5:48  Probe  
  68  5:52  Adept x2  
  72  5:59  Probe  
  72  6:03  Probe  
  74  6:05  Phoenix (Chrono Boost)  
  74  6:06  Phoenix x2 (Chrono Boost)  
  74  6:11  Shield Battery, Probe  
  80  6:13  Shield Battery  
  81  6:21  Phoenix (Chrono Boost), Adept x2  
  81  6:23  Probe  
  88  6:26  Probe  
  91  6:33  Phoenix (Chrono Boost)  
  91  6:34  Phoenix (Chrono Boost)  
  93  6:41  Probe x2  
  93  6:44  Phoenix (Chrono Boost)  
  97  6:51  Adept x2  
  97  6:53  Probe x2  
  103  6:56  Phoenix (Chrono Boost)  
  103  6:58  Phoenix  
  103  7:01  Probe  
  108  7:04  Assimilator  
  108  7:05  Probe  
  108  7:07  Assimilator  
  109  7:11  Phoenix  
  109  7:15  Probe  
  112  7:19  Pylon  
  112  7:21  Phoenix  
  114  7:23  Phoenix (Chrono Boost)  
  114  7:36  Phoenix (Chrono Boost)  
  100  7:52  Gateway, Zealot  
  100  7:53  Phoenix (Chrono Boost)  
  100  7:54  Gateway  
  100  7:55  Phoenix (Chrono Boost)  
  100  7:56  Forge  
  104  8:00  Phoenix (Chrono Boost)  
  104  8:02  Zealot  
  106  8:11  Phoenix  
  108  8:13  Zealot  
  108  8:16  Fleet Beacon  
  108  8:40  Photon Cannon  
  108  8:43  Photon Cannon  
  108  8:45  Photon Cannon  
  106  8:48  Zealot  
  106  8:49  Zealot x3  
  106  8:51  Protoss Shields Level 1 (Chrono Boost), Protoss Air Armor Level 1 (Chrono Boost)  
  114  8:58  Pylon  
  114  9:03  Carrier (Chrono Boost)  
  126  9:12  Zealot x3, Carrier (Chrono Boost)  
  132  9:18  Photon Cannon  
  132  9:19  Carrier (Chrono Boost)  
  132  9:23  Photon Cannon  
  136  9:33  Nexus  
  136  9:34  Pylon  
  136  9:45  Zealot  
  136  9:46  Zealot  
  140  9:58  Photon Cannon  
  140  9:59  Photon Cannon, Carrier (Chrono Boost)  
  146  10:01  Shield Battery  
  146  10:06  Stargate  
  146  10:07  Pylon  
  146  10:10  Pylon  
  146  10:25  Zealot x2  
  162  10:36  Carrier (Chrono Boost)  
  162  10:40  Carrier (Chrono Boost)  
  162  10:48  Carrier (Chrono Boost)  
  162  10:51  Zealot  
  162  10:52  Zealot x3  
  176  10:59  Probe  
  176  11:00  Pylon  
  177  11:07  Pylon  
  177  11:09  Pylon  
  177  11:11  Pylon  
  183  11:22  Zealot x2, Carrier (Chrono Boost)  
  193  11:25  Pylon, Carrier (Chrono Boost)  
  193  11:38  Carrier (Chrono Boost)  
  199  11:43  Protoss Air Weapons Level 2 (Chrono Boost)  
  183  12:19  Carrier (Chrono Boost)  
  183  12:20  Carrier (Chrono Boost)  
  170  12:40  Carrier (Chrono Boost)  
  170  12:42  Assimilator  
  173  12:45  Photon Cannon  
  173  12:47  Assimilator  
  173  12:52  Carrier (Chrono Boost)  
  173  13:10  Carrier (Chrono Boost)  
  155  13:14  Zealot x2  
  155  13:15  Zealot x2  
  169  13:20  Carrier (Chrono Boost)  
  173  13:37  Carrier (Chrono Boost)  
  169  13:49  Carrier (Chrono Boost)  
  169  13:54  Zealot x2  
  169  13:55  Zealot x2  
  169  14:10  Carrier  
  161  14:49  Nexus  
Tags
 
Add a new tag
Caveats
  • Supply blocks, unpowered buildings, or Contaminate may cause inaccurate times.
  • Supply counts are checked every 10 seconds.